 Dungeon Crawl Stone Soup version 0.20.1-1-g8b1a95d (webtiles) character file.

29 lamiduciel23 the Skirmisher (level 3, 0/31 HPs)
             Began as a Draconian Fighter on Dec 23, 2017.
             Succumbed to an adder's poison
             ... on level 2 of the Dungeon.
             The game lasted 00:12:00 (1156 turns).

lamiduciel23 the Skirmisher (Draconian Fighter)     Turns: 1156, Time: 00:12:01

Health: 0/31       AC:  5    Str: 19    XL:     3   Next: 1%
Magic:  3/3        EV: 10    Int: 15    God:
Gold:   72         SH:  9    Dex: 10    Spells: 2/2 levels left

rFire    . . .     SeeInvis .   a - +0 war axe
rCold    . . .     Gourm    .   b - +0 shield
rNeg     . . .     Faith    .   (armour unavailable)
rPois    .         Spirit   .   (helmet restricted)
rElec    .         Reflect  .   (no cloak)
rCorr    .         Harm     .   (no gloves)
MR       .....                  (no boots)
Stlth    +.........             (no amulet)
Regen    0.1/turn               (no ring)
MPRegen  0.1/turn               (no ring)

@: brilliant, lethally poisoned (0 -> -3), hasted, very quick
A: unfitting armour, beak, hooves 1, clever 1, cold-blooded, AC +5
a: no special abilities


You were on level 2 of the Dungeon.
You were full.

You visited 1 branch of the dungeon, and saw 2 of its levels.

You collected 72 gold pieces.

Inventory:

Hand Weapons
 a - a +0 war axe (weapon)
 e - a +0 spear
Missiles
 n - 12 stones (quivered)
Armour
 b - a +0 shield (worn)
 k - a +0 ring mail
Scrolls
 h - a scroll of fear {unknown}
 j - a scroll of immolation {unknown}
 q - 2 scrolls of identify {unknown}
 s - a scroll of enchant weapon {unknown}
 t - a scroll of blinking {unknown}
Potions
 c - a potion of might
Comestibles
 d - 2 bread rations
 f - 2 fruits


   Skills:
 + Level 3.4 Fighting
 + Level 2.2 Axes
 + Level 3.1 Dodging
 + Level 0.2 Stealth
 + Level 3.4 Shields


You had 2 spell levels left.
You didn't know any spells.

Dungeon Overview and Level Annotations

Branches:
Dungeon (2/15)

Altars:


Innate Abilities, Weirdness & Mutations

Your plain brown scales are hard. (AC +5)
You cannot fit into any form of body armour.
You are cold-blooded and may be slowed by cold attacks.
You have a beak for a mouth.
You have large cloven feet.
Your mind is acute. (Int +2)


Message History

You feel sick.
As you read the scroll labeled HOGUNU SEALIWK, it crumbles to dust.
You experience a momentary feeling of inescapable doom!
It was a scroll of random uselessness.
* * * LOW HITPOINT WARNING * * *
You feel sick.
It was a potion of haste.
You feel yourself speed up.
It was a potion of mutation.
You feel extremely strange.
Your mouth lengthens and hardens into a beak!
Your feet thicken and deform.
You feel clever.
It was a potion of brilliance.
You feel clever all of a sudden.
* * * LOW HITPOINT WARNING * * *
You feel sick.
You eat the meat ration.
That meat ration really hit the spot!
* * * LOW HITPOINT WARNING * * *
You feel sick.
Found a whip.
Found a stone staircase leading up.
You die...

##.########.#
#...........#
#..#######..#
######..#
#..#
........#
#..#
######.##
#..# ######.
#..#
..†.##.##
#..#
###.##..#
#.@# #.# #.#
#..# #.# #.#
#).#
#<###.####
#..#
#.##.....
.<.# #.##..#
##... #.....#
#### #####.#
#.###


There were no monsters in sight!

Vanquished Creatures
  An adder (D:2)
  2 goblins (D:1)
  2 hobgoblins (D:1)
  6 jackals
  5 bats
  A frilled lizard (D:1)
  2 toadstools (D:1)
19 creatures vanquished.

Vanquished Creatures (others)
  2 toadstools (D:1)
2 creatures vanquished.

Grand Total: 21 creatures vanquished

Notes
Turn   | Place    | Note
-------+----------+-------------------------------------------
     0 | D:1      | lamiduciel23 the Draconian Fighter began the quest for the Orb.
     0 | D:1      | Reached XP level 1. HP: 19/19 MP: 1/1
   544 | D:1      | Reached XP level 2. HP: 18/26 MP: 2/2
  1143 | D:2      | Reached XP level 3. HP: 4/31 MP: 3/3
  1146 | D:2      | Gained mutation: You have a beak for a mouth. [potion of mutation]
  1146 | D:2      | Gained mutation: You have large cloven feet. [potion of mutation]
  1146 | D:2      | Gained mutation: Your mind is acute. (Int +2) [potion of mutation]
  1151 | D:2      | HP: 1/31 [poisoned by an adder]
  1156 | D:2      | Succumbed to an adder's poison

Skill      XL: |  1  2 |
---------------+-------+-----
Dodging        | 3 |  3.1
Fighting       | |  3.4
Axes           | |  2.2
Stealth        | |  0.2
Shields        | |  3.4

Action                   || total
-------------------------++-------
Melee: Club              ||    33
       War axe           ||    40
       Hand axe          ||     3
       Tailslap          ||     6
  Use: Potion            ||     3
       Scroll            ||     1
  Eat: Fruit             ||     1
       Meat ration       ||     1
Armor: Skin              ||    47
Dodge: Dodged            ||    48
Block: Shield            ||    65
